AoeStats
← Yorshka

Arabia

507970532Analyzed
1v1 RM · 13d ago on Sep 20, 2026· 57m 54s· 2 players
Game mode
Random Map
Map size
Tiny (2 player)
Population
200
Speed
Normal
Resources
Standard
Victory
Conquest
Starting age
Dark Age
Ending age
Imperial Age
RankedLock teamsTeams togetherTeam positionsShared explorationLock speedFull tech treeHidden civsTurbo modeCheats
Victory
Defeat
🇻🇳 Inca · Vietnam
2089
+11
🇨🇳 Tatars · China
1982
-11
Yorshka
6:43 Loom
9:16 Feudal Age
9:19 Man-at-Arms
10:00 Double-Bit Axe
11:08 Arson
13:10 Fletching
14:15 Horse Collar
21:10 Castle Age
19:58 Gold Mining
21:42 Bloodlines
21:13 Crossbowman
21:52 Bodkin Arrow
22:25 Bow Saw
26:15 Husbandry
29:10 Wheelbarrow
32:26 Town Watch
37:05 Ballistics
41:58 Padded Archer Armor
43:41 Wheelbarrow
50:09 Imperial Age
48:42 Hand Cart
49:34 Leather Archer Armor
49:43 Scale Barding Armor
50:23 Heavy Plow
51:15 Bracer
53:26 Chemistry
53:30 Ring Archer Armor
56:52 Heavy Cavalry Archer
chuoi
7:35 Loom
10:09 Feudal Age
10:35 Champi Runner
12:33 Double-Bit Axe
15:24 Scale Mail Armor
20:26 Castle Age
18:47 Horse Collar
19:13 Gold Mining
20:29 Champi Warrior
21:39 Squires
22:27 Chain Mail Armor
23:20 Arson
26:08 Town Watch
29:58 Forging
43:41 Fletching
45:01 Bodkin Arrow
51:23 Imperial Age
50:24 Ballistics
52:01 Iron Casting
51:38 Elite Champi Warrior
53:09 Plate Mail Armor
54:16 Plate Mail Armor
53:49 Fabric Shields
54:06 Capped Ram
55:34 Bow Saw
Connection lost

Rejoining the realm…

Still unreachable

The connection could not be restored.

Session expired

The server has moved on; the page needs a fresh start.